 Dungeon Crawl Stone Soup version 0.29.1-2-gbd0b4ee654 (webtiles) character file.

Game seed: 11687947872632436571

3711 hawla the Frost Mage (level 10, -1/117 HPs)
             Began as a Meteoran Ice Elementalist on Nov 22, 2022.
             Was a Follower of Vehumet.
             Slain by a vault guard
             ... wielding a +0 broad axe
              (9 damage)
             ... in a bailey.
             The game lasted 00:19:10 (4118 turns).

hawla the Frost Mage (Meteoran Ice Elementalist)    Turns: 4118, Time: 00:19:11

Health: -1/117     AC: 25    Str: 10    XL:     10   Next: 62%
Magic:  8/24       EV:  2    Int: 21    God:    Vehumet [*.....]
Gold:   1063       SH:  0    Dex: 15    Spells: 19/27 levels left

rFire   + + .      SeeInvis .   j - +1 spear (vamp)
rCold   . . .      Faith    .   (no shield)
rNeg    . . .      Spirit   .   (body armour currently unavailable)
rPois   +          Reflect  .   (helmet currently unavailable)
rElec   .          Harm     .   (cloak currently unavailable)
rCorr   .          Rampage  .   (gloves currently unavailable)
Will    +....      NoTele   +   (boots currently unavailable)
Stlth   +.........              f - amulet of the acrobat
HPRegen 0.29/turn               a - ring of protection from fire
MPRegen 0.19/turn               l - ring of protection from fire

@: brilliant, tree-form (expiring), glowing
A: stationary, stasis, torment immunity, boosted hp, sense surroundings 2,
otherworldly, glowing, explore regen, (antennae 1), (talons 1), MP-powered wands
a: Renounce Religion


You were in a bailey.
You worshipped Vehumet.
Vehumet was aware of your devotion.
You were a tree.
You visited 2 branches of the dungeon, and saw 8 of its levels.
You also visited: Bailey.

You collected 1063 gold pieces.

Inventory:

Hand Weapons
 d - a +1 quarterstaff
 g - a +0 flail of draining
 j - a +1 vampiric spear (weapon)
 k - a +3 short sword of holy wrath
Armour
 b - a +1 robe of willpower (melded)
 c - a +0 pair of gloves (melded)
 e - a +1 cloak (melded)
 o - a +0 pair of boots (melded)
Jewellery
 a - a ring of protection from fire (left branch)
 f - an amulet of the acrobat (around neck)
 l - a ring of protection from fire (right branch)
Wands
 n - a wand of roots (11) (quivered)
Scrolls
 m - a scroll of identify
Potions
 i - a potion of lignification


   Skills:
 + Level 3.8 Fighting
 + Level 2.6 Short Blades
 + Level 4.2(4.6) Maces & Flails
 + Level 3.0(3.3) Polearms
 + Level 2.1(3.9) Staves
 + Level 5.4 Dodging
 - Level 1.8 Stealth
 + Level 9.0 Spellcasting
 + Level 5.3 Conjurations
 + Level 9.8 Ice Magic
 + Level 2.0 Evocations


You had 19 spell levels left.
You knew the following spells:

 Your Spells              Type           Power      Damage    Failure   Level
a - Freeze                Ice            100%       1d11      1%          1
b - Frozen Ramparts       Ice            100%       1d16      1%          3
c - Hailstorm             Conj/Ice       58%        3d13      3%          4

Your spell library contained the following spells:

 Spells                   Type           Power      Damage    Failure   Level
 Magic Dart               Conj           100%       1d8       1%          1
 Ozocubu's Armour         Ice            66%        N/A       1%          3
 Ice Form                 Ice/Tmut       45%        N/A       10%         4
 Summon Ice Beast         Ice/Summ       45%        N/A       10%         4


Dungeon Overview and Level Annotations

Branches:
Dungeon (7/15) Zot: 539    Temple (1/1) D:6 Zot: 468  Bailey (1/1) Zot: 445

Altars:
Cheibriados
Dithmenos
Elyvilon
Gozag
Hepliaklqana
Kikubaaqudgha
Makhleb
Nemelex Xobeh
Okawaru
Qazlal
Ru
Sif Muna
Trog
Uskayaw
Vehumet
Wu Jian
Xom
Zin
The Shining One


Innate Abilities, Weirdness & Mutations

You are a tree.
Your roots penetrate the ground, keeping you stationary.
You cannot be teleported.
You are immune to unholy pain and torment.
Your maximum health is greatly increased.
Your equipment is partially melded.
You passively map the area around you.
You are easily found by Zot.
You glow in the dark.
You regain HP and MP as you explore.
((You have a pair of small antennae on your head.))
((You have sharp toenails.))
You expend magic power (3 MP) to strengthen your wands.


Message History

You feel clever all of a sudden.
The vault guard hits you but does no damage.
Casting: Hailstorm (mildly dangerous; 3% risk of failure)
Confirm with . or Enter, or press ? or * to list all spells.
Aiming: Freeze (safe; 1% risk of failure)
Press: ? - help, Shift-Dir - straight line, f - vault guard
Aim: a vault guard, wielding a +0 broad axe and wearing a +0 chain mail (moderately wounded, lightly drained)
You feel a surge of power!
You freeze the vault guard!
The vault guard is heavily wounded.
Your transformation is almost over.
The vault guard hits you but does no damage.
Casting: Freeze (safe; 1% risk of failure)
Confirm with . or Enter, or press ? or * to list all spells.
Aiming: Freeze (safe; 1% risk of failure)
Press: ? - help, Shift-Dir - straight line, f/p - vault guard
Aim: a vault guard, wielding a +0 broad axe and wearing a +0 chain mail (heavily wounded, lightly drained)
You feel a surge of power!
You freeze the vault guard.
The vault guard is heavily wounded.
The vault guard hits you with a +0 broad axe.
* * * LOW HITPOINT WARNING * * *
Casting: Freeze (safe; 1% risk of failure)
Confirm with . or Enter, or press ? or * to list all spells.
Aiming: Freeze (safe; 1% risk of failure)
Press: ? - help, Shift-Dir - straight line, f/p - vault guard
Aim: a vault guard, wielding a +0 broad axe and wearing a +0 chain mail (heavily wounded, lightly drained)
You feel a surge of power!
You freeze the vault guard.
The vault guard is heavily wounded.
The vault guard hits you with a +0 broad axe!
* * * LOW HITPOINT WARNING * * *
You closely miss the vault guard.
The vault guard is heavily wounded.
The vault guard hits you with a +0 broad axe!
* * * LOW HITPOINT WARNING * * *
You barely miss the vault guard.
The vault guard is heavily wounded.
The vault guard hits you but does no damage.
You closely miss the vault guard.
The vault guard is heavily wounded.
The vault guard hits you with a +0 broad axe!
You die...

*
,##≈~...~~~≈#.##
*
~#≈~..~.~~~≈###
~##≈~....~~~≈#
+###≈~~....~~~≈#
.≈≈≈~.~~...~~~≈#
#........~.~~≈##
#~~~.......~~≈#
##~~~##'##~~≈##
##~##.♣.##≈## #
#..p..###
#..∩†.# #.....#
#.....# #$!.!?#
##??$## #####


You could see a vault guard (drained).

Vanquished Creatures
  Pikel (D:6)
  Prince Ribbit (Bailey)
  Sigmund (D:2)
  3 humans (Bailey)
  Edmund (D:5)
  2 water moccasins (D:5)
  An orc warrior (Bailey)
  2 black bears (D:5)
  2 ice beasts
  A centaur (D:5)
  4 lemures (D:6)
  A kobold brigand (D:6)
  12 bullfrogs
  3 necrophages
  2 scorpions
  2 jellies (D:5)
  A hound (D:6)
  2 orc priests (D:7)
  2 iguanas
  3 orc wizards
  A statue (D:7)
  11 gnolls
  5 adders
  A white imp (D:5)
  An ufetubus (D:5)
  A worm (D:2)
  2 dart slugs
  7 orcs
  2 ball pythons (D:1)
  2 endoplasms (D:1)
  A giant cockroach (D:2)
  4 goblins
  9 hobgoblins
  11 kobolds
  A quokka (D:2)
  4 bats
  6 frilled lizards
  4 rats
120 creatures vanquished.

Notes
Turn   | Place    | Note
-------+----------+-------------------------------------------
     0 | D:1      | hawla the Meteoran Ice Elementalist began the quest for the
                  | Orb.
     0 | D:1      | Reached XP level 1. HP: 14/14 MP: 5/5
    99 | D:1      | Reached XP level 2. HP: 18/20 MP: 3/6
   120 | D:1      | Found a faded altar of an unknown god.
   496 | D:1      | Glimpsed the power of Zot.
   638 | D:2      | Reached XP level 3. HP: 19/26 MP: 4/8
   642 | D:2      | Learned a level 3 spell: Frozen Ramparts
   676 | D:2      | Reached skill level 5 in Ice Magic
   729 | D:2      | Reached XP level 4. HP: 22/33 MP: 3/10
   811 | D:2      | Noticed Sigmund
   833 | D:2      | Killed Sigmund
   834 | D:2      | Reached skill level 1 in Staves
   834 | D:2      | Reached skill level 5 in Spellcasting
   834 | D:2      | Reached XP level 5. HP: 20/39 MP: 9/13
   834 | D:2      | Reached XP level 6. HP: 24/46 MP: 9/14
  1095 | D:2      | Glimpsed the power of Zot.
  1131 | D:3      | Identified a scroll of acquirement
  1131 | D:3      | Acquired 781 gold pieces
  1158 | D:3      | Found a glowing golden altar of the Shining One.
  1161 | D:3      | Found a burning altar of Makhleb.
  1693 | D:3      | Glimpsed the power of Zot.
  1732 | D:4      | Gained mutation: You have a pair of small antennae on your
                  | head. [potion of mutation]
  1732 | D:4      | Gained mutation: You expend magic power (3 MP) to
                  | strengthen your wands. [potion of mutation]
  1732 | D:4      | Gained mutation: You have sharp toenails. [potion of
                  | mutation]
  1736 | D:4      | Noticed an ice beast
  1916 | D:4      | Reached XP level 7. HP: 37/51 MP: 9/16
  1927 | D:4      | Learned a level 4 spell: Hailstorm
  2291 | D:4      | Glimpsed the power of Zot.
  2340 | D:4      | Glimpsed the power of Zot.
  2379 | D:4      | Glimpsed the power of Zot.
  2389 | D:4      | Touched by the power of Zot.
  2398 | D:5      | Entered Level 5 of the Dungeon
  2398 | D:5      | Noticed a water moccasin
  2402 | D:5      | Killed a water moccasin
  2410 | D:5      | Reached XP level 8. HP: 4/46 MP: 11/17
  2619 | D:5      | Reached skill level 1 in Fighting
  2619 | D:5      | Reached skill level 1 in Polearms
  2942 | D:5      | Noticed Edmund
  2954 | D:5      | Killed Edmund
  2978 | D:5      | Found a bloodstained altar of Trog.
  2984 | D:5      | Gained mutation: You passively map the area around you.
                  | [Meteoran growth]
  2984 | D:5      | Reached XP level 9. HP: 36/67 MP: 11/19
  3010 | D:5      | Reached skill level 1 in Short Blades
  3087 | D:5      | Glimpsed the power of Zot.
  3116 | D:6      | Found a staircase to the Ecumenical Temple.
  3171 | Temple   | Entered the Ecumenical Temple
  3425 | D:6      | Noticed Pikel
  3479 | D:6      | Killed Pikel
  3804 | D:6      | Reached skill level 1 in Evocations
  3808 | D:6      | Glimpsed the power of Zot.
  3857 | D:6      | Glimpsed the power of Zot.
  3919 | D:7      | Found a radiant altar of Vehumet.
  3930 | D:7      | Became a worshipper of Vehumet
  3943 | D:7      | Found a snail-covered altar of Cheibriados.
  3951 | D:7      | Found a flagged portal.
  3964 | D:7      | Reached XP level 10. HP: 43/74 MP: 11/22
  3965 | Bailey   | Entered a bailey
  4031 | Bailey   | Reached skill level 5 in Dodging
  4032 | Bailey   | Reached skill level 5 in Conjurations
  4067 | Bailey   | Reached * piety under Vehumet
  4067 | Bailey   | Offered knowledge of Magic Dart by Vehumet.
  4085 | Bailey   | Noticed Prince Ribbit
  4085 | Bailey   | Noticed a vault guard
  4090 | Bailey   | Killed Prince Ribbit
  4118 | Bailey   | Slain by a vault guard

Illustrated notes

Levels and vault maps discovered:
D:1:      dpeg_arrival_line_fractal, layout_basic, ebering_ecumenical_altar_webs
D:2:      layout_basic, uniq_sigmund
D:3:      layout_basic, nicolae_overflow_squiral, kennysheep_generic_room_13
D:4:      cheibrodos_thug_alley, layout_basic
D:5:      dreamdust_elfheim, layout_loops_corners, trog_antimagical,
          uniq_duvessa, uniq_edmund
D:6:      layout_loops_ring, minmay_temple_entry_antechambers, uniq_pikel
D:7:      layout_basic, kennysheep_slug_shrine, vehumet_statue,
          gammafunk_ghost_necromancy, enter_bailey_1,
          chequers_ossuary_entry_cave
Temple:   nicolae_temple_superstar
Bailey:   bailey_axe_froggy_fort_hellmonk, bailey

Skill      XL: |  1  2  3  4  5  6  7  8  9 10 |
---------------+-------------------------------+-----
Spellcasting   | 3 5 6 7 9 |  9.0
Ice Magic      | 5 6 7 8 9 |  9.8
Staves         | 1 2 |  2.1
Conjurations   | 3 4 5 |  5.3
Dodging        | 3 4 5 |  5.4
Fighting       | 1 2 3 |  3.8
Polearms       | 2 3 |  3.0
Short Blades   | 1 2 |  2.6
Maces & Flails | 2 4 |  4.2
Evocations     | 2 |  2.0
Stealth        | |  1.8

Action                   |  1- 3 |  4- 6 |  7- 9 | 10-12 || total
-------------------------+-------+-------+-------+-------++-------
Melee: Quarterstaff      |    18 |    12 |     2 |       ||    32
       Kick              |       |     1 |    63 |       ||    64
       Spear             |       |       |    94 |    13 ||   107
       Punch             |       |       |     3 |       ||     3
       Short sword       |       |       |    33 |    15 ||    48
       Flail             |       |       |    59 |     8 ||    67
 Cast: Freeze            |    19 |    19 |     2 |    13 ||    53
       Frozen Ramparts   |     2 |    11 |    19 |     4 ||    36
       Hailstorm         |       |       |    19 |     6 ||    25
Evoke: Wand              |       |       |       |     1 ||     1
  Use: Scroll            |     1 |     6 |     6 |       ||    13
       Potion            |       |     4 |     5 |     2 ||    11
Armor: Robe              |    12 |    11 |    49 |     9 ||    81
       Skin              |       |       |       |    12 ||    12
Dodge: Dodged            |    19 |    31 |   128 |    21 ||   199
